 Dungeon Crawl Stone Soup version 0.21.1-1-g345015fe64 (webtiles) character file.

49 Hercules1031 the Conjurer (level 3, -4/26 HPs)
             Began as a Demigod Conjurer on June 22, 2018.
             Killed by divine providence
             ... invoked by an orc priest
              (12 damage)
             ... on level 2 of the Dungeon.
             The game lasted 00:07:06 (1277 turns).

Hercules1031 the Conjurer (Demigod Conjurer)        Turns: 1277, Time: 00:07:08

Health: -4/26      AC:  3    Str: 11    XL:     3   Next: 32%
Magic:  3/9        EV: 12    Int: 21    God:
Gold:   84         SH:  0    Dex: 16    Spells: 4/7 levels left

rFire    . . .     SeeInvis .   g - +0 short sword (speed)
rCold    . . .     Gourm    .   (no shield)
rNeg     . . .     Faith    .   e - +0 leather armour
rPois    .         Spirit   .   (no helmet)
rElec    .         Reflect  .   (no cloak)
rCorr    .         Harm     .   (no gloves)
MR       .....                  (no boots)
Stlth    ++........             (no amulet)
HPRegen  0.08/turn              (no ring)
MPRegen  0.11/turn              (no ring)

@: no status effects
A: high mp 1
a: no special abilities


You were on level 2 of the Dungeon.
You were not hungry.

You visited 1 branch of the dungeon, and saw 2 of its levels.

You collected 84 gold pieces.

Inventory:

Hand Weapons
 f - a +0 spear
 g - a +0 short sword of speed (weapon)
Armour
 a - a +0 robe
 e - a +0 leather armour (worn)
Scrolls
 h - 3 scrolls of identify
 i - a scroll of remove curse
Potions
 d - a potion of agility
Books
 b - a book of Conjurations

   Spells                             Type                      Level
   a - Magic Dart                     Conjuration                  1
   b - Searing Ray                    Conjuration                  2
   c - Dazzling Spray                 Conjuration/Hexes            3
   d - Fulminant Prism                Conjuration/Hexes            4
   e - Force Lance                    Conjuration/Translocation    4
   f - Iskenderun's Mystic Blast      Conjuration                  4
Comestibles
 c - a ration


   Skills:
 + Level 0.5 Polearms
 + Level 2.3 Dodging
 - Level 1.7 Stealth
 * Level 2.5 Spellcasting
 + Level 3.9 Conjurations


You had 4 spell levels left.
You knew the following spells:

 Your Spells              Type           Power        Failure   Level  Hunger
a - Magic Dart            Conj           ###.         3%          1    None
b - Searing Ray           Conj           ###...       5%          2    ##.....


Dungeon Overview and Level Annotations

Branches:
Dungeon (2/15)


Innate Abilities, Weirdness & Mutations

You have an increased reservoir of magic. (+10% MP)


Message History

The orc priest is heavily wounded.
The orc priest hits you with a hand axe.
An orc comes into view. It is wielding a mace.
Casting: Magic Dart
Confirm with . or Enter, or press ? or * to list all spells.
Aiming: Magic Dart
Press: ? - help, Shift-Dir - straight line, f/p - orc priest
Aim: an orc priest, wielding a hand axe and wearing a ring mail (heavily wounded)
The magic dart hits the orc priest.
The orc priest is heavily wounded.
The orc priest closely misses you. Something hits you!
You barely miss something.
The orc priest looks braver for a moment.
You closely miss the orc priest.
The orc priest is heavily wounded.
The orc wizard gestures wildly while chanting.
The orc wizard seems to speed up.
Something hits you.
The orc priest calls down the wrath of Beogh upon you.
Beogh smites you!
You die...

..##.##...##
#.......#..###.##
.....#...........
####
##.#.####.###
##.## ... #.#
...# ##'## ...##
.# ##.>.##......
.# #.>..@...# .##
#......o.## ..#
#........oo# ..#
+............
.######
#...)........#
...##.#
##.......##...#
).##<.# ##.....##
#... ......#
##...## ##.
......#


You could see an orc priest, an orc wizard and an orc.

Vanquished Creatures
  A worm (D:1)
  2 dart slugs (D:1)
  2 leopard geckos (D:1)
  An orc (D:2)
  5 bats
  2 giant cockroaches (D:1)
  5 goblins (D:1)
  4 hobgoblins
  5 kobolds
  4 frilled lizards
  3 rats
34 creatures vanquished.

Notes
Turn   | Place    | Note
-------+----------+-------------------------------------------
     0 | D:1      | Hercules1031 the Demigod Conjurer began the quest for the Orb.
     0 | D:1      | Reached XP level 1. HP: 14/14 MP: 5/5
   226 | D:1      | Reached XP level 2. HP: 20/20 MP: 1/7
   609 | D:1      | Learned a level 2 spell: Searing Ray
   821 | D:1      | Reached XP level 3. HP: 26/26 MP: 4/9
  1116 | D:2      | Found a shattered altar of Ashenzari.
  1277 | D:2      | Killed from afar by an orc priest

Skill      XL: |  1 |
---------------+----+-----
Spellcasting   | 2 |  2.5
Dodging        | 2 |  2.3
Polearms       | |  0.5
Stealth        | |  1.7
Conjurations   | |  3.9

Action                   || total
-------------------------++-------
Melee: Unarmed           ||    15
       Club              ||    17
       Short sword       ||     2
 Cast: Magic Dart        ||    69
  Use: Potion            ||     2
       Scroll            ||     5
  Eat: Ration            ||     1
Armor: Robe              ||     1
       Leather armour    ||    10
Dodge: Dodged            ||    37
